[Event "16th HSG Open-A 2022"]
[Site "Hilversum"]
[Date "2022.06.17"]
[Round "2.2"]
[White "Gilmanov, Mansur"]
[Black "Slagboom, Leandro"]
[Result "1-0"]
[ECO "D00"]
[WhiteElo "2390"]
[BlackElo "1997"]
[Annotator "TA"]
[PlyCount "71"]
[EventDate "2022.06.17"]
[EventCountry "NED"]
[SourceTitle "playchess.com"]
[Source "ChessBase"]
[SourceQuality "1"]
[TimeControl "6600+10"]

1. d4 d5 2. e3 c5 3. dxc5 Qa5+ 4. Bd2 Qxc5 {[%emt 0:00:09] [#]} 5. Bc3 $146 ({Predecessor:} 5. a3 Qc7 6. c3 Nf6 7. Be2 g6 8. Nf3 Bg7 9. O-O O-O 10. Be1 e6 11. Nbd2 {½-½ (55) Bester,K (752)-Bortnicker,J (832) LSS email 2015}) 5... Nc6 6. Nd2 {[%emt 0:00:49] D00: 1 d4 d5: Unusual lines.} e5 7. Ngf3 f6 8. Nb3 {[%emt 0:05:02] The position is equal.} Qd6 9. Be2 Be6 10. O-O O-O-O 11. a4 g5 12. Na5 {[%emt 0:09:10] Strongly threatening Nxc6.} h5 (12... Nge7 $15) 13. b4 Nxa5 14. bxa5 a6 15. Rb1 {[%emt 0:00:59] Hoping for Rb6.} Ne7 (15... Qc7 $1 $11 16. Qd2 Bc5) 16. Rb6 $14 Nc6 17. Bb4 $36 {[%emt 0:01:04][%mdl 2048] White fights for an advantage.} Qd7 (17... Qxb4 $14 18. Rxb4 Bxb4) 18. Bxf8 $18 Rdxf8 (18... Rhxf8 $16 19. Qd2 g4) 19. Qd2 Rf7 (19... g4 {was worth a try.}) 20. Rfb1 (20. Qc3 $142 {[%cal Oe2a6] And now Bxa6! would win.} Kb8 21. Bxa6) 20... Qe8 $2 (20... Qd6 {is a better defense.}) 21. Ne1 $2 (21. e4 $18 {is more deadly.} d4 22. c3) 21... Nd8 $2 {[%emt 0:09:05] A mistake that costs the game.} (21... Rc7 $16) 22. Nd3 Rc7 {[%emt 0:01:10] Prevents Nc5.} 23. Nb4 Qxa4 $2 {[%emt 0:06:07] [#]} (23... Qe7 24. Nxd5 Bxd5) 24. Nxa6 $1 Qxc2 {[%emt 0:01:54] [#]} 25. Qb4 Bf5 26. Nxc7 {[%emt 0:02:16] Chess con chili.} Qxb1+ 27. Qxb1 Bxb1 28. Nxd5 Ba2 29. Nxf6 Bf7 30. Ne4 g4 31. a6 Kc7 $2 (31... bxa6 32. Rxa6 (32. Bxa6+ Kc7 $16) 32... Kc7 33. Ra7+ Kb6) 32. axb7 ({Less strong is} 32. a7 Nc6 33. Rb5 Ra8 $14) 32... Nxb7 {[%emt 0:00:16] [#]} (32... Nc6 $142) 33. Rxb7+ $1 {[%emt 0:00:17][%mdl 512] White is clearly winning.} Kxb7 34. Nd6+ Kc6 35. Nxf7 Re8 {[%emt 0:00:26] [#]} (35... Rb8 $142 36. f3 Kd5 37. fxg4 hxg4 38. Bxg4 Rg8) 36. Bb5+ $1 {[%emt 0:00:21][%mdl 512] Weighted Error Value: White=0.46/Black=0.78} 1-0

[Event "16th HSG Open-A 2022"]
[Site "Hilversum"]
[Date "2022.06.17"]
[Round "2.3"]
[White "Boekelman, Jan"]
[Black "Roebers, Eline"]
[Result "1-0"]
[ECO "E75"]
[WhiteElo "2116"]
[BlackElo "2369"]
[Annotator "TA"]
[PlyCount "47"]
[EventDate "2022.06.17"]
[EventCountry "NED"]
[SourceTitle "playchess.com"]
[Source "ChessBase"]
[SourceQuality "1"]
[TimeControl "6600+10"]

1. d4 Nf6 2. c4 g6 3. Nc3 Bg7 4. e4 d6 5. Be2 O-O 6. Bg5 c5 7. d5 e6 8. Qc1 {[%emt 0:00:08] E75: King's Indian: Averbakh Variation: 6...c5 7 d5 e6.} exd5 9. exd5 Re8 10. Nf3 {[%emt 0:00:25] [#] The position is equal.} b5 $146 ({Predecessor:} 10... Qb6 11. O-O Ne4 12. Nxe4 Rxe4 13. Qc2 Re8 14. Rae1 Bg4 15. h3 Bxf3 16. Bxf3 Rxe1 17. Rxe1 {½-½ (33) Farago,I (2354)-Szamoskozi,G (2257) Hungary 2019}) 11. cxb5 a6 (11... Nbd7 $14) 12. O-O $16 Nbd7 13. a4 Qa5 14. Bd2 Qc7 15. bxa6 (15. Bh6 $16) 15... Nb6 {[%emt 0:05:05] [#]} (15... Bxa6 $11 {keeps the balance.} 16. Bxa6 Rxa6) 16. Bb5 $1 Bd7 (16... Rd8 $16) 17. Rd1 Ne4 18. Nxe4 Rxe4 19. Ba5 Bxb5 20. axb5 c4 21. Qc2 Rf4 {[%emt 0:02:19] [#]} (21... Ree8 22. Nd4 Bxd4) 22. Qe2 $18 {[%emt 0:14:55] White is clearly winning.} Qc5 23. Qe3 Qxe3 24. fxe3 {[%emt 0:00:05] Weighted Error Value: White=0.15 (very precise) /Black=0.44} 1-0

[Event "16th HSG Open-A 2022"]
[Site "Hilversum"]
[Date "2022.06.17"]
[Round "2.4"]
[White "Harff, Marcel"]
[Black "Ercan, Selman"]
[Result "1-0"]
[ECO "A20"]
[WhiteElo "2336"]
[BlackElo "2094"]
[Annotator "TA"]
[PlyCount "63"]
[EventDate "2022.06.17"]
[EventCountry "NED"]
[SourceTitle "playchess.com"]
[Source "ChessBase"]
[SourceQuality "1"]
[TimeControl "6600+10"]

1. c4 c6 2. g3 d5 3. Bg2 e5 4. cxd5 cxd5 5. d4 e4 6. Nc3 {[%emt 0:00:15] A20: English Opening: 1...e5.} Nc6 7. e3 Nf6 8. Nge2 {[%emt 0:00:36] The position is equal.} Bd6 9. f3 (9. O-O $11) 9... exf3 $15 10. Bxf3 O-O 11. O-O Bh3 12. Bg2 Bxg2 13. Kxg2 {[%emt 0:00:02] [#]} Qe7 $146 ({Predecessor:} 13... a6 14. Bd2 b5 15. Rc1 Rc8 16. Nf4 Bxf4 17. Rxf4 Ne7 18. Qe2 Ng6 19. Rf3 Qd7 {0-1 (29) Krist,M (1985)-Kolenak,M (1916) Slovakia 2012}) 14. Qd3 Rad8 15. Bd2 Bb8 16. Rf2 Ne4 17. Nxe4 dxe4 18. Qb3 Rd7 19. Raf1 Qg5 (19... Kh8 $11) 20. Rf5 Qg6 21. Rb5 Nd8 (21... b6 $1 $11) 22. Rd5 Rxd5 23. Qxd5 Ne6 {[%emt 0:01:03] [#] This move loses the game for Black.} (23... Qb6 $14) 24. Bb4 $1 $36 {[%emt 0:01:13][%mdl 2048] White is in control.} Rd8 (24... Qg4 $2 25. Bxf8 (25. Nc3 Rd8 $16) 25... Qxe2+ 26. Rf2 $18) 25. Qxb7 {[%emt 0:01:13] aiming for d5.} Qh5 {[%emt 0:03:23] Inhibits d5.} 26. Ng1 {[%emt 0:00:10] Active counter play!} f5 (26... f6 {was necessary.} 27. Qxe4 Re8) 27. d5 Nf8 28. Bc3 {[%emt 0:01:28][%csl Gc3][%cal Rb7g7] [#] Really sharp!} ({Much less strong is} 28. Be7 $6 Rd7 29. Qb4 (29. Qxb8 Rxe7 30. b3 h6 $16) 29... a5 30. Qxb8 Rxe7 $16) 28... Nd7 29. Ba5 ({Less strong is} 29. d6 Qf7 30. Nh3 h6 $16) 29... Nb6 30. Bxb6 axb6 31. Qxb6 Re8 32. Qc6 {[%emt 0:02:27] Weighted Error Value: White=0.11 (very precise) /Black=0.25 (precise)} 1-0

[Event "16th HSG Open-A 2022"]
[Site "Hilversum"]
[Date "2022.06.17"]
[Round "2.5"]
[White "Labruyere, Roger"]
[Black "Elgersma, Onno"]
[Result "0-1"]
[ECO "B12"]
[WhiteElo "2199"]
[BlackElo "2303"]
[Annotator "TA"]
[PlyCount "82"]
[EventDate "2022.06.17"]
[EventCountry "NED"]
[SourceTitle "playchess.com"]
[Source "ChessBase"]
[SourceQuality "1"]
[TimeControl "6600+10"]

1. e4 c6 2. d4 d5 3. e5 Bf5 4. Nd2 e6 5. Nb3 Nd7 6. Nf3 a6 {[%emt 0:02:40] B12: Caro-Kann: Advance Variation.} 7. Be3 Ne7 {[%emt 0:02:35] [#]} 8. Bd3 $146 ({Predecessor:} 8. Be2 Bg4 9. O-O Nf5 10. h3 Bxf3 11. Bxf3 Be7 12. Bg4 g6 13. a4 a5 14. Bxf5 exf5 {1-0 (72) Lagunow,R (2378)-Villegas,P (2367) Chess.com INT 2021}) 8... Bxd3 {[%emt 0:00:48] The position is equal.} 9. Qxd3 Nf5 10. Bg5 Be7 11. h4 h6 12. Bxe7 Nxe7 13. h5 Rc8 14. c3 c5 15. dxc5 Nxc5 16. Nxc5 Rxc5 17. Nd4 Qb6 18. b4 $2 {[%emt 0:07:28] Black continues to play with concentration.} (18. O-O-O $11) 18... Rc4 $17 19. O-O O-O 20. Rac1 Rfc8 (20... Nc6 $19 21. Qe3 Rc8) 21. Nb3 Qc7 22. Rfe1 b6 {[%emt 0:01:02] Inhibits Na5.} 23. Re3 Nf5 24. Re2 (24. Ree1 {was forced.}) 24... d4 $19 ({But not} 24... Rxc3 $2 25. Rxc3 Qxc3 26. Qxc3 Rxc3 27. Kf1 $19) 25. g4 Ne7 26. Nxd4 Nd5 {[%emt 0:00:04] Strongly threatening ...Nf4.} ({And not} 26... Rxc3 27. Rxc3 Qxc3 28. Qxc3 Rxc3 29. Rc2 $15) 27. Ree1 {[%emt 0:05:07] [#]} Nxb4 $1 28. Qd2 (28. Qg3 Nxa2) 28... Nd5 29. g5 Rxc3 30. Ne2 Rc2 31. Qd4 {[%emt 0:01:20] [#]} (31. Rxc2 Qxc2 32. Qxc2 Rxc2 33. g6) 31... Rxe2 $1 32. Rxc7 (32. Rcd1 Rxe1+) 32... Rxe1+ 33. Kg2 Rxc7 34. gxh6 gxh6 35. Qd2 Rxe5 {[%emt 0:00:00] Black mates.} 36. Qxh6 Rf5 37. Qd2 Rxh5 38. Kf3 Rf5+ 39. Kg3 f6 40. Qe2 Rg7+ 41. Kh2 Nf4 {[%emt 0:00:00] Weighted Error Value: White=0.85/Black=0.16 (very precise)} 0-1

[Event "16th HSG Open-A 2022"]
[Site "Hilversum"]
[Date "2022.06.17"]
[Round "2.6"]
[White "Wiersma, Eelke"]
[Black "Bosboom, Ardin"]
[Result "1-0"]
[ECO "B33"]
[WhiteElo "2299"]
[BlackElo "2093"]
[Annotator "TA"]
[PlyCount "87"]
[EventDate "2022.06.17"]
[EventCountry "NED"]
[SourceTitle "playchess.com"]
[Source "ChessBase"]
[SourceQuality "1"]
[TimeControl "6600+10"]

1. e4 c5 2. Nf3 Nc6 3. d4 cxd4 4. Nxd4 Nf6 5. Nc3 e5 6. Ndb5 d6 7. Bg5 a6 8. Na3 b5 9. Bxf6 gxf6 10. Nd5 f5 11. Bd3 Be6 12. c3 Bg7 13. Nxb5 {[%emt 0:00:17] B33: Sicilian: Pelikan and Sveshnikov Variations.} axb5 14. Bxb5 Bd7 15. exf5 {[%emt 0:00:21][%cal Be4f5,Bf5f6][%mdl 32] The position is equal.} O-O 16. O-O {[%emt 0:00:28][%mdl 1024] White has compensation.} e4 17. a4 Ne5 $2 {[%emt 0:01:48] [#] Inhibits Qg4.} (17... Kh8 $14) 18. f6 $1 $18 Bg4 (18... Bxf6 $2 19. Nxf6+ (19. Bxd7 Nxd7 20. Re1 Re8 $11) 19... Qxf6 20. Bxd7 $18) 19. f3 ({Don't do} 19. fxg7 $6 Bxd1 20. gxf8=Q+ (20. gxf8=R+ Kxf8 21. Rfxd1 Qh4 $16) 20... Kxf8 21. Rfxd1 (21. Raxd1 Qg5 $16) 21... Qg5 $16) 19... exf3 {[%emt 0:16:40] [#]} 20. gxf3 $146 (20. fxg7 $18 f2+ 21. Rxf2 Bxd1 22. gxf8=Q+ (22. gxf8=R+ Qxf8 23. Rxd1 Kh8 $18) 22... Qxf8 23. Rxd1) ({Predecessor:} 20. fxg7 f2+ 21. Rxf2 Bxd1 22. gxf8=Q+ Qxf8 23. Nf6+ Kh8 24. Rxd1 Qe7 25. Rd4 Ng6 26. Re4 {½-½ (40) Belmar Juaranz,C (2260)-Neuburger,I (2050) GER email 2016}) 20... Bh3 $132 {[%emt 0:01:45][%mdl 2048] Black is not holding back} 21. f4 {[%emt 0:09:16] [#]} ({White should play} 21. Qe1 $11 Bxf1 22. Qg3) 21... Bxf6 $1 $15 22. fxe5 Bxe5 {[%emt 0:00:16] This bishop pair is nice.} 23. Rf2 Qg5+ (23... Kh8 $1 $15 {stays ahead.} 24. Kh1 (24. Qh5 Rg8+ 25. Kh1 Bg4 $11) 24... Qh4) 24. Kh1 $16 Qh4 25. Qf3 Kh8 26. Nf6 {[%emt 0:04:47] Prevents Bg4.} (26. Ne3 $16) 26... Rab8 27. Nd7 Rxb5 {[%emt 0:17:39][%mdl 8192] White leaves nothing to chance now.} 28. Nxf8 $18 Rb8 {[%emt 0:00:06] White must now prevent ...Bc8.} 29. Qxf7 Bg7 30. Re1 Bf5 31. Qxf5 {[%emt 0:02:41][%cal Oe1g1] White wants to mate with Rg1!} Rxf8 32. Qxf8+ Bxf8 33. Rxf8+ {[%emt 0:00:04][%mdl 4096] Endgame KQ-KRR} Kg7 34. Rfe8 {[%emt 0:01:04] aiming for R8e4.} Qf2 $2 (34... Qxa4 {was worth a try.} 35. R8e3 Qc4) 35. R8e2 Qc5 36. Ra1 h5 $2 (36... Qa5 37. b4 Qa8+ 38. Rg2+ Kh6) 37. a5 h4 38. a6 Qd5+ 39. Kg1 {[%emt 0:00:43] Hoping for a7.} Qc5+ 40. Rf2 {[%emt 0:01:06] Intending a7 and mate.} h3 41. a7 Qg5+ 42. Kf1 Qb5+ 43. Ke1 (43. Re2 $142 Qd5 44. a8=Q Qf7+ 45. Ke1 Qg6 46. Ra7+ Kf6 47. Rf2+ Kg5 48. Ra5+ d5 49. Rxd5+ Qf5 50. Rfxf5+ Kh6 51. Qh8+ Kg6 52. Rf6#) 43... Qe5+ 44. Re2 {[%emt 0:00:17] Weighted Error Value: White=0.45/Black=0.97} 1-0

[Event "16th HSG Open-A 2022"]
[Site "Hilversum"]
[Date "2022.06.17"]
[Round "2.7"]
[White "Van Meegen, Ruud"]
[Black "Jonsson, Gauti Pall"]
[Result "0-1"]
[ECO "A50"]
[WhiteElo "2275"]
[BlackElo "2065"]
[Annotator "TA"]
[PlyCount "132"]
[EventDate "2022.06.17"]
[EventCountry "NED"]
[SourceTitle "playchess.com"]
[Source "ChessBase"]
[SourceQuality "1"]
[TimeControl "6600+10"]

1. d4 Nf6 2. c4 b6 3. Nc3 Bb7 4. f3 Nc6 5. e4 e5 6. d5 {[%emt 0:05:21] A50: Queen's Fianchetto Defence (1 d4 Nf6 2 c4 b6).} Ne7 {[%emt 0:00:55] [#]} (6... Nd4 $14) 7. Bd3 $146 ({Predecessor:} 7. g3 Ng6 8. Be3 c6 9. d6 Ba6 10. c5 Bxf1 11. Kxf1 bxc5 12. Bxc5 Rg8 13. Nge2 {1-0 (62) Granda Zuniga,J (2648)-Iturrizaga Bonelli,E (2658) Mexico City 2016}) 7... Ng6 8. Be3 {[%emt 0:06:04] White is slightly better.} h5 9. Qd2 h4 10. Nge2 Bc5 11. Bxc5 bxc5 12. O-O-O Nh5 (12... d6 $142) 13. g3 $16 d6 14. f4 Qd7 (14... Nf6 $16) 15. Bc2 O-O-O 16. Ba4 c6 17. dxc6 Bxc6 18. Bxc6 Qxc6 19. Nb5 ({Better is} 19. f5 $16 Ne7 20. Qg5 (20. gxh4 Nf6 $11)) 19... Kb8 $1 $14 20. f5 ({But not} 20. Nxd6 Nf6 21. Qd3 Ka8 $11) 20... Ne7 21. g4 ({Avoid the trap} 21. Nxd6 $2 Nc8 22. Qd5 Rxd6 $19) (21. Qg5 $14 Nc8 22. Nbc3 (22. Qxh4 Nf6 $17)) 21... Nf6 $1 $15 22. Nec3 Nxe4 (22... a6 $5 23. Nd5 (23. Nxd6 $2 Nc8 $17) 23... Nexd5 24. exd5 Qd7 $11) 23. Qc2 Nxc3 24. Nxc3 Qf3 (24... Qa6 $5 25. Qb3+ Qb6 $15) 25. Rhg1 $2 {[%emt 0:02:00] [#]} (25. Rhf1 $11 {and White is okay.} Qxg4 26. Qb3+ Ka8 27. Nb5) 25... Qf4+ $19 26. Kb1 (26. Rd2 $17) 26... Qxc4 27. Ne4 Qxc2+ 28. Kxc2 Kc7 29. Ng5 Rdf8 30. Ne4 Nc8 31. Rd2 Rd8 32. Rgd1 g6 (32... h3 $19 {has better winning chances. Threatens to win with ...Rh4.} 33. Ng5 Rdf8) 33. f6 $2 (33. Rf2 $17 {was worth a try.}) 33... h3 34. Rd3 (34. b4 $17 {was necessary.}) 34... Kc6 35. Ng5 Rd7 36. Rxh3 Rxh3 37. Nxh3 {[%emt 0:00:04][%mdl 4096] Endgame KRN-KRN} d5 38. Ng5 Nd6 39. Re1 e4 {[%emt 0:01:20] Prevents Nf3.} 40. h4 Rd8 41. b3 $2 (41. h5 gxh5 42. gxh5) 41... Rh8 42. Rh1 d4 43. h5 gxh5 44. gxh5 Rh6 45. Rh4 Kd5 46. Nh3 Ke5 47. Nf2 {[%emt 0:00:03] [#] Ng4+ is the strong threat.} Kxf6 48. Nxe4+ Nxe4 49. Rxe4 Rxh5 {[%emt 0:00:19] KR-KR} 50. b4 (50. Re1 $142) 50... Kf5 51. Re7 c4 52. Rxf7+ Ke6 53. Rf2 {[%emt 0:00:45] Prevents Rh2.} a5 54. bxa5 Rxa5 55. Kb2 Kd6 (55... c3+ $142 56. Kb3 Rb5+ 57. Kc4 Rb2 58. Rf1 Rd2 59. Rh1 c2 60. Kb3 d3 61. Re1+ Kd5 62. Rc1 Rd1 63. Rxc2 dxc2 64. Kxc2 Rd4 65. Kb3 Rd2 66. a3 Kd4 67. a4 Rf2 68. Kb4 Rb2+ 69. Ka3 Rb7 70. a5 Kc4 71. a6 Ra7 72. Kb2 Rxa6 73. Kc2 Rd6 74. Kb2 Rd2+ 75. Kc1 Kc3 76. Kb1 Rd1+ 77. Ka2 Re1 78. Ka3 Ra1#) 56. Rf4 c3+ {[%emt 0:01:23] Black mates.} 57. Kb3 Rb5+ 58. Kc2 Ke5 59. Rh4 Rb2+ 60. Kc1 Rxa2 61. Rh3 Kd5 62. Kb1 Rg2 63. Rh8 Kc4 64. Rh3 Rg1+ 65. Kc2 d3+ 66. Rxd3 Rg2+ {[%emt 0:00:05] Quite a comeback for Black.  Weighted Error Value: White=0.81/Black=0.30} 0-1

[Event "16th HSG Open-A 2022"]
[Site "Hilversum"]
[Date "2022.06.17"]
[Round "2.8"]
[White "Pham, Khoi"]
[Black "Schilstra, Laurens"]
[Result "1-0"]
[ECO "B81"]
[WhiteElo "2291"]
[BlackElo "1963"]
[Annotator "TA"]
[PlyCount "67"]
[EventDate "2022.06.17"]
[EventCountry "NED"]
[SourceTitle "playchess.com"]
[Source "ChessBase"]
[SourceQuality "1"]
[TimeControl "6600+10"]

1. e4 c5 2. Nf3 e6 3. d4 cxd4 4. Nxd4 Nf6 5. Nc3 d6 6. g4 h6 7. h4 Nc6 8. Nxc6 {[%emt 0:03:15] B81: Sicilian Scheveningen: Keres Attack.} bxc6 9. Qf3 Nd7 {[%emt 0:06:43] [#]} (9... Qb6 $11) 10. Be3 $146 (10. Bd2 $14) ({Predecessor:} 10. g5 hxg5 11. Bxg5 Be7 12. Bxe7 Qxe7 13. O-O-O Rh6 14. Qg3 e5 15. Qxg7 Qf6 16. Qxf6 Rxf6 {½-½ (44) Radovic,J (2415)-Milosevic,Z (2208) Kragujevac 2018}) 10... Qa5 (10... Rb8 $5 ) 11. g5 ({White should try} 11. Bd2 $14) 11... Ne5 12. Qg2 Qb4 13. Bd2 Qxb2 14. Rb1 Qxc2 {[%emt 0:01:19] Hoping for ...hxg5.} 15. gxh6 gxh6 $2 (15... Rxh6 $11 16. h5 Nd7) 16. Rh3 $1 $18 {[%emt 0:02:02][%cal Bh1h3,Bh3e3,Be3e6][%mdl 32] Strongly threatening f4.} d5 $2 {[%emt 0:06:10] [#]} (16... Be7) 17. exd5 $2 (17. Rc1 $1 $18 Qb2 18. exd5) 17... cxd5 $2 {[%emt 0:00:22][%mdl 8192] Black cannot hold the game after this.} (17... exd5 $14 18. Re3 Qf5) 18. f4 Qf5 19. fxe5 Bd7 (19... Bc5 $142 20. Bb5+ Bd7 21. Bxd7+ Kxd7) 20. Bd3 Qxe5+ 21. Re3 Qh5 22. Nxd5 {[%emt 0:06:28] Active counter play!} Qxh4+ 23. Kf1 {[%emt 0:02:04] White threatens Nc7+ and mate.} Bc6 {[%emt 0:06:33] [#]} 24. Be1 (24. Rb7 $142 $3 {[%mdl 512] Nc7+ would kill now.} Qf4+ 25. Nxf4 Bxg2+ 26. Kxg2 Rg8+ 27. Kf3) 24... Qd8 {[%emt 0:03:42] [#] Prevents Nc7+.} (24... Qg5 $18) 25. Rxe6+ $3 {[%emt 0:05:14][%mdl 512] White mates.} fxe6 26. Qg6+ Kd7 27. Nf6+ Kd6 28. Bb4+ Ke5 29. Re1+ {[%emt 0:00:22][%mdl 64] Skewer} Kd4 {[%emt 0:00:16] [#]} 30. Re4+ $1 Kxd3 31. Qg3+ Kc2 32. Qb3+ Kc1 33. Re1+ Qd1 34. Rxd1# {[%emt 0:00:07] Weighted Error Value: White=0.45/Black=0.95} 1-0

[Event "16th HSG Open-A 2022"]
[Site "Hilversum"]
[Date "2022.06.17"]
[Round "2.9"]
[White "Wagenvoorde, Guido"]
[Black "Grutter, Tim"]
[Result "1/2-1/2"]
[ECO "E74"]
[WhiteElo "2090"]
[BlackElo "2241"]
[Annotator "TA"]
[PlyCount "71"]
[EventDate "2022.06.17"]
[EventCountry "NED"]
[SourceTitle "playchess.com"]
[Source "ChessBase"]
[SourceQuality "1"]
[TimeControl "6600+10"]

1. d4 Nf6 2. c4 g6 3. Nc3 Bg7 4. e4 d6 5. Be2 O-O 6. Bg5 c5 7. d5 h6 8. Be3 e6 9. Qd2 exd5 10. exd5 Kh7 11. h3 Re8 12. Nf3 Bf5 13. O-O Ne4 {[%emt 0:05:57] E74: King's Indian: Averbakh Variation: 6...c5.} 14. Nxe4 Bxe4 15. Rae1 a6 {[%emt 0:06:02] [#]} (15... Nd7 $11) 16. b3 $146 (16. Bf4 $14) ({Predecessor:} 16. Bf4 Qb6 17. Nh2 g5 18. Bg4 f5 19. Bh5 Rf8 20. f3 gxf4 21. fxe4 Qxb2 22. Qxb2 Bxb2 23. exf5 {0-1 (36) Santos,A (2244)-Andrade,L (2230) Odivelas 2001}) 16... Bxf3 17. Bxf3 Nd7 18. Be2 Nf6 19. Bd3 Qd7 20. a4 Re7 21. Bf4 Rae8 22. Rxe7 Qxe7 23. Rd1 Nh5 24. Be3 Qh4 25. b4 Bd4 26. bxc5 {[%emt 0:03:43] [#] Hoping for Bxd4.} ({Much weaker is} 26. Bxh6 cxb4 27. Be3 Bxe3 28. fxe3 a5 $17) 26... dxc5 (26... Bxe3 $1 $14 27. fxe3 dxc5) 27. Bxd4 Qxd4 28. Bf1 (28. Qa5 {looks sharper.} Qb2 29. Qc7 Kg7 30. Rb1) 28... Qe5 {[%emt 0:03:28] [#]} (28... Qxd2 $14 29. Rxd2 Kg7) 29. g3 ({White should play} 29. Qa5 $1 $16) 29... Ng7 30. Rb1 Re7 31. Bd3 Ne8 32. a5 Nd6 33. Qc2 Kg7 34. Kg2 Qd4 35. Rd1 Qe5 36. Rb1 {[%emt 0:00:07] Weighted Error Value: White=0.17 (very precise) /Black=0.20 (precise)} 1/2-1/2

[Event "16th HSG Open-A 2022"]
[Site "Hilversum"]
[Date "2022.06.17"]
[Round "2.10"]
[White "De Groote, Ewoud"]
[Black "Van Orsouw, Theo"]
[Result "1-0"]
[ECO "B72"]
[WhiteElo "2230"]
[BlackElo "1855"]
[Annotator "TA"]
[PlyCount "57"]
[EventDate "2022.06.17"]
[EventCountry "NED"]
[SourceTitle "playchess.com"]
[Source "ChessBase"]
[SourceQuality "1"]
[TimeControl "6600+10"]

1. e4 c5 2. Nf3 d6 3. d4 cxd4 4. Nxd4 Nf6 5. Nc3 g6 6. Be3 Bg7 7. Be2 O-O 8. h4 h5 9. Qd2 Nc6 10. O-O-O {[%emt 0:02:16] B72: Sicilian Dragon: 6 Be3, lines with h3+Bc4 and sidelines.} d5 11. Nxc6 bxc6 12. exd5 {[%emt 0:14:22] The position is equal.} Nxd5 13. Bd4 {[%emt 0:09:09] [#] Black must now prevent Bxg7.} e5 $146 ({Predecessor:} 13... Bxd4 14. Qxd4 Qb6 15. Nxd5 cxd5 16. Bf3 e6 17. c4 Bb7 18. cxd5 Bxd5 19. Bxd5 exd5 {1-0 (47) Carlsson,A (2455)-Johnson,M (2560) Sweden 1994}) 14. Bc5 Be6 15. Ne4 ({Much weaker is} 15. Bxf8 Qxf8 16. Kb1 (16. Nxd5 cxd5 17. Qa5 Rb8 $11) 16... Rb8 17. Nxd5 cxd5 $11) (15. Bc4 $1 $14) 15... Qc7 16. Ng5 {[%emt 0:14:44] [#] White is more active.} (16. Bxf8 $16 Bxf8 17. Bc4) 16... Rfe8 (16... Bf5 $1 $11 {remains equal.}) 17. Nxe6 $16 Rxe6 18. Rh3 ({Better is} 18. g4 $1 $14) 18... Rb8 19. Rb3 $36 {[%emt 0:01:27][%mdl 2048] White has some pressure.} Rxb3 20. axb3 e4 21. Bc4 {[%emt 0:03:43] This bishop pair is nice.} Rf6 $2 ({Black should try} 21... Re5 $11) 22. Bxd5 cxd5 23. Qxd5 {[%emt 0:00:43] And now Qd8+ would win.} Kh7 {[%emt 0:01:38] [#] ...Rf5 is the strong threat.} 24. Be3 $1 Re6 (24... Bh6 $16 25. Bxh6 (25. Qxe4 Rxf2 26. Bxh6 Kxh6 $16) 25... Kxh6) 25. Kb1 Ra6 (25... Qe7 $142 26. Qd7 Qf6) 26. b4 Qe7 27. c3 Qxh4 $2 (27... Qc7 28. Qxe4 Re6) 28. Qxf7 $18 Qg4 29. Rd7 {[%emt 0:00:18] Weighted Error Value: White=0.30/Black=0.70} 1-0